 Dungeon Crawl Stone Soup version 0.26.1-11-gd32895ea62 (webtiles) character file.

Game seed: 16568524629417948787

84 ubername the Chiller (level 4, -3/30 HPs)
             Began as a Barachi Ice Elementalist on July 13, 2021.
             Killed from afar by a white imp (10 damage)
             ... with a puff of frost
             ... on level 1 of the Abyss.
             The game lasted 00:04:48 (2041 turns).

ubername the Chiller (Barachi Ice Elementalist)     Turns: 2041, Time: 00:04:48

Health: -3/30      AC:  8    Str: 10    XL:     4   Next: 45%
Magic:  3/8        EV: 12    Int: 16    God:
Gold:   58         SH:  0    Dex: 12    Spells: 2/9 levels left

rFire    . . .     SeeInvis .   b - +0 short sword
rCold    . . .     Faith    .   (no shield)
rNeg     . . .     Spirit   .   a - +0 robe
rPois    .         Reflect  .   (no helmet)
rElec    .         Harm     .   (no cloak)
rCorr    .         Rampage  .   (no gloves)
Will     .....                  (no boots)
Stlth    ++........             (no amulet)
HPRegen  0.10/turn              (no ring)
MPRegen  0.11/turn              (no ring)

@: icy armour, slow
A: +LOS, swims, slowness 1, strong legs 1
a: Hop


You were on level 1 of the Abyss.
You visited 1 branch of the dungeon, and saw 2 of its levels.
You visited the Abyss 1 time.

You collected 58 gold pieces.

Inventory:

Hand Weapons
 b - a +0 short sword (weapon)
 e - a +0 hunting sling
Missiles
 i - 89 stones
 k - 18 sling bullets
 m - 5 poisoned darts (quivered)
Armour
 a - a +0 robe (worn)
 f - a +0 pair of boots
Jewellery
 l - a +6 ring of dexterity {unknown}
 p - an uncursed ring of protection from cold {unknown}
Scrolls
 c - a scroll of immolation {unknown}
 d - 2 scrolls of identify {unknown}
 g - a scroll of remove curse {unknown}
 n - 2 scrolls of teleportation {unknown}
 r - a scroll of magic mapping {unknown}
Potions
 h - a potion of berserk rage {unknown}
 j - a potion of magic {unknown}
 o - a potion of ambrosia {unknown}
 q - a potion of brilliance {unknown}
Miscellaneous
 s - a condenser vane


   Skills:
 + Level 0.2 Throwing
 + Level 2.3 Dodging
 + Level 1.9 Stealth
 + Level 3.3 Spellcasting
 + Level 6.0 Ice Magic


You had 2 spell levels left.
You knew the following spells:

 Your Spells              Type           Power        Failure   Level
a - Freeze                Ice            88%          1%          1
b - Frozen Ramparts       Ice            44%          4%          3
c - Ozocubu's Armour      Ice            22%          4%          3

Your spell library contained the following spells:

 Spells                   Type           Power        Failure   Level
 Hailstorm                Conj/Ice       12%          45%         4
 Summon Ice Beast         Ice/Summ       12%          45%         4


Dungeon Overview and Level Annotations

Branches:
Dungeon (2/15)

Altars:
Trog
Xom

Annotations:
D:2 Crazy Yiuf


Innate Abilities, Weirdness & Mutations

You can be seen from farther away. (+LOS)
You can swim through water.
You cover ground slowly.
You can hop short distances.


Message History

A large abomination comes into view.
You closely miss the white imp.
The white imp is almost dead.
A starcursed mass splits.
The white imp completely resists.
The wall freezes the white imp but does no damage.
The white imp barely misses you.
You closely miss the white imp.
The white imp is almost dead.
The white imp completely resists.
The wall freezes the white imp but does no damage.
The white imp gestures at you. The puff of frost hits you!
* * * LOW HITPOINT WARNING * * *
A starcursed mass splits.
You barely miss the white imp.
The white imp is almost dead.
The frozen ramparts melt away.
The white imp gestures at you. The puff of frost hits you!
You die...

## #.## ###...###
##♣≈≈≈≈≈♣≈≈ # #
##.@≈≈≈≈≈≈≈≈ #.#.
#≈5#.≈≈≈♣≈♣≈ #
.#...♣≈.≈≈≈≈≈≈≈≈
#....#.≈$ ≈♣≈≈≈≈≈≈
#.##..#≈≈≈≈≈≈≈≈≈≈≈
..###....≈♣≈≈≈≈≈≈≈≈
# ...XX.#≈≈≈≈≈≈≈≈≈
..##.#..X≈≈≈≈≈≈≈≈≈≈
≈. ...X#≈≈≈≈≈≈≈≈≈≈


You could see 3 starcursed masses, a large abomination and a white imp.

Vanquished Creatures
  Terence (D:2)
  An ooze (D:2)
  A worm (D:2)
  A dart slug (D:1)
  2 leopard geckos
  4 bats
  2 giant cockroaches (D:1)
  6 goblins
  7 hobgoblins
  2 quokkas (D:2)
  A ball python (D:2)
  7 frilled lizards
  7 kobolds
  5 rats
47 creatures vanquished.

Notes
Turn   | Place    | Note
-------+----------+-------------------------------------------
     0 | D:1      | ubername the Barachi Ice Elementalist began the quest for
                  | the Orb.
     0 | D:1      | Reached XP level 1. HP: 13/13 MP: 3/3
   109 | D:1      | Reached skill level 5 in Ice Magic
   159 | D:1      | Reached XP level 2. HP: 10/19 MP: 0/5
   741 | D:1      | Reached XP level 3. HP: 21/24 MP: 2/6
   745 | D:1      | Learned a level 3 spell: Frozen Ramparts
   750 | D:1      | Learned a level 3 spell: Ozocubu's Armour
  1165 | D:2      | Found a bloodstained altar of Trog.
  1257 | D:2      | Found a shimmering altar of Xom.
  1258 | D:2      | Found a shimmering altar of Xom.
  1259 | D:2      | Found a shimmering altar of Xom.
  1303 | D:2      | Found a shimmering altar of Xom.
  1303 | D:2      | Found a shimmering altar of Xom.
  1701 | D:2      | Reached XP level 4. HP: 30/30 MP: 3/8
  1865 | D:2      | Found a runed translucent door.
  1865 | D:2      | Noticed Terence
  1879 | D:2      | Killed Terence
  1880 | D:2      | Reached skill level 6 in Ice Magic
  1946 | D:2      | Noticed Crazy Yiuf
  1952 | D:2      | Cast into level 1 of the Abyss (Crazy Yiuf)
  1998 | Abyss:1  | Noticed an orange demon
  2006 | Abyss:1  | Noticed a small abomination
  2016 | Abyss:1  | Noticed an ancient zyme
  2038 | Abyss:1  | Noticed a starcursed mass
  2038 | Abyss:1  | Noticed a large abomination
  2041 | Abyss:1  | Killed from afar by a white imp

Illustrated notes

Levels and vault maps discovered:
D:1:      minmay_arrival_widening_spiral_wide, layout_rooms,
          minmay_misc_feat_rows, serial_bayou_pond_a
D:2:      layout_loops_ring, nicolae_ru_sacrificial_ziggurat, xom_redecorated,
          marbit_many_paths, uniq_crazy_yiuf_cottage, uniq_terence
Abyss:1:  base:
D:2

Skill      XL: |  1  2  3  4 |
---------------+-------------+-----
Ice Magic      | 5 6 |  6.0
Spellcasting   | 3 |  3.3
Throwing       | |  0.2
Dodging        | |  2.3
Stealth        | |  1.9

Action                   |  1- 3 |  4- 6 || total
-------------------------+-------+-------++-------
Melee: Short sword       |    13 |    12 ||    25
Throw: Dart              |     8 |     6 ||    14
       Stone             |       |     2 ||     2
 Cast: Freeze            |    56 |     2 ||    58
       Frozen Ramparts   |     1 |     3 ||     4
       Ozocubu's Armour  |       |     3 ||     3
 Abil: Hop               |       |     1 ||     1
 Stab: Sleeping          |       |     1 ||     1
Armor: Robe              |    16 |     3 ||    19
Dodge: Dodged            |    40 |     9 ||    49
